 Dungeon Sprint DCSS version 0.20.1-1-g8b1a95d (webtiles) character file.

1139 potatolord6000 the Covert (level 8, -4/68 HPs)
             Began as a Demonspawn Assassin on Aug 25, 2017.
             Was a Believer of Qazlal.
             Killed from afar by a deep elf mage (23 damage)
             ... with a bolt of lightning
             ... in the Dungeon (Sprint V: "Ziggurat Sprint").
             The game lasted 00:03:06 (175 turns).

potatolord6000 the Covert (Demonspawn Assassin)      Turns: 175, Time: 00:03:06

Health: -4/68      AC:  3    Str: 16    XL:     8   Next: 14%
Magic:  7/18       EV: 19    Int: 13    God:    Qazlal [**....]
Gold:   0          SH:  3    Dex: 29    Spells: 20/20 levels left

rFire    . . .     SeeInvis .   a - +5 great sword
rCold    + . .     Gourm    .   (shield currently unavailable)
rNeg     . . .     Faith    .   c - +0 robe
rPois    .         Spirit   .   (no helmet)
rElec    .         Reflect  .   d - +0 cloak
rCorr    .         Harm     .   (gloves unavailable)
MR       .....     NoTele   +   (no boots)
Stlth    ++++......             x - amulet of regeneration
Regen    0.7/turn               b - +6 ring of dexterity
MPRegen  0.2/turn               e - +6 ring of dexterity

@: mighty
A: claws 3, cold resistance 1, demonic guardian 1, freezing cloud immunity
a: Upheaval, Renounce Religion


You were in the Dungeon.
You worshipped Qazlal.
Qazlal was pleased with you.
You were not hungry.

You visited 1 branch

Inventory:

Hand Weapons
 a - a +5 great sword (weapon)
Armour
 c - a +0 robe (worn)
 d - a +0 cloak (worn)
Jewellery
 b - a +6 ring of dexterity (left claw)
 e - a +6 ring of dexterity (right claw)
 x - an amulet of regeneration (around neck)
Scrolls
 m - 4 scrolls of blinking
 o - 4 scrolls of amnesia
 p - 3 scrolls of recharging
 q - 7 scrolls of fog
 r - 5 scrolls of identify
 s - 5 scrolls of remove curse
 t - 2 scrolls of fear
Potions
 h - 10 potions of curing
 i - 7 potions of heal wounds
 j - 5 potions of haste
 k - 7 potions of magic
 l - 3 potions of berserk rage
 u - 2 potions of brilliance
 v - 2 potions of invisibility
 w - 4 potions of resistance
 z - 5 potions of agility
 A - 4 potions of might
Comestibles
 f - 42 fruits
 g - 5 bread rations
 n - 4 meat rations


   Skills:
 + Level 7.9 Fighting
   Level 3.3(5.2) Short Blades
 + Level 6.1(6.5) Long Blades
 - Level 1.7 Throwing
 + Level 6.9 Dodging
 + Level 8.4 Stealth
 + Level 6.9 Spellcasting
 + Level 8.4 Invocations


You had 20 spell levels left.
You didn't know any spells.

Dungeon Overview and Level Annotations

Branches:
Dungeon (1/1)

Altars:
Ashenzari
Cheibriados
Dithmenos
Elyvilon
Fedhas
Gozag
Hepliaklqana
Kikubaaqudgha
Makhleb
Nemelex Xobeh
Okawaru
Qazlal
Ru
Sif Muna
Trog
Uskayaw
Vehumet
Xom
Yredelemnul
Zin
The Shining One
Beogh
Jiyva
Lugonu

Annotations:
D 1 transporter


Innate Abilities, Weirdness & Mutations

You have claws for hands.
Your flesh is cold resistant. (rC+)
A weak demonic guardian rushes to your aid.
You are immune to freezing clouds.


Message History

Aiming: Upheaval
Press: ? - help, Dir - move target cursor, f/p - deep elf mage
Aim: a deep elf mage, wielding a dagger and wearing a leather armour (heavily wounded)
A storm cloud blasts the area with cutting wind!
The cutting wind hits the deep elf mage.
You kill the deep elf mage!
Qazlal accepts your kill.
You can now give life to nearby clouds.
Your Long Blades skill increases to level 6!
Your Stealth skill increases to level 8!
Your Invocations skill increases to level 8!
You have reached level 8!
You feel clever.
Your demonic ancestry asserts itself...
You feel the presence of a demonic guardian.
You can no longer give life to nearby clouds.
The deep elf mage shouts!
The deep elf mage points at you and mumbles some strange words.
The bolt of lightning hits you!
* * * LOW HITPOINT WARNING * * *
The bolt of lightning hits you!
You die...

▓.....▓.....▓▓▓▓▓▓▓
▓▓▓▓▓▓▓▓▓▓▓▓▓▓
▓..8©8...▓
▓..e|}...▓
▓...ee...▓
▓...)§...▓
..§§§...▓
▓.▓....▓.▓
▓...@5...▓
▓▓▓▓▓▓▓▓▓▓


You could see a deep elf archer, 2 deep elf magi and a friendly shadow imp.

Vanquished Creatures
  A deep elf mage (D)
  2 yaks (D)
  A porcupine (D)
  2 black bears (D)
  A wolf (D)
  A jelly (D)
  An iguana (D)
  An ooze (D)
10 creatures vanquished.

Vanquished Creatures (others)
  A spatial maelstrom (D)
1 creature vanquished.

Grand Total: 11 creatures vanquished

Notes
Turn   | Place    | Note
-------+----------+-------------------------------------------
     0 | D        | potatolord6000 the Demonspawn Assassin began the quest for the Orb.
     0 | D        | Reached XP level 1. HP: 16/16 MP: 1/1
     0 | D        | Found a deep blue altar of Sif Muna.
     0 | D        | Found a bloodstained altar of Trog.
     0 | D        | Found a sacrificial altar of Ru.
     0 | D        | Found a stormy altar of Qazlal.
     0 | D        | Found an iron altar of Okawaru.
     2 | D        | Banished a spatial maelstrom
     8 | D        | Found a sparkling altar of Nemelex Xobeh.
     9 | D        | Found a corrupted altar of Lugonu.
     9 | D        | Found a burning altar of Makhleb.
     9 | D        | Found an ancient bone altar of Kikubaaqudgha.
     9 | D        | Found a transporter.
     9 | D        | Found a viscous altar of Jiyva.
    11 | D        | Found a hazy altar of Hepliaklqana.
    20 | D        | Found an opulent altar of Gozag.
    21 | D        | Found a blossoming altar of Fedhas.
    29 | D        | Gained mutation: Your flesh is cold resistant. (rC+) [demonic ancestry]
    29 | D        | Reached XP level 2. HP: 25/25 MP: 1/5
    72 | D        | Became a worshipper of Qazlal Stormbringer
    85 | D        | Entered arena 2.
    85 | D        | Found a transporter.
    88 | D        | Reached skill level 1 in Long Blades
    88 | D        | Reached skill level 5 in Stealth
    88 | D        | Reached XP level 3. HP: 30/30 MP: 5/7
    97 | D        | Entered arena 3.
    97 | D        | Noticed a black bear
    97 | D        | Noticed a black bear
    97 | D        | Noticed a wolf
    97 | D        | Found a transporter.
   110 | D        | Killed a wolf
   110 | D        | Reached * piety under Qazlal
   110 | D        | Reached skill level 5 in Fighting
   110 | D        | Gained mutation: You are immune to freezing clouds. [demonic ancestry]
   110 | D        | Reached XP level 4. HP: 23/39 MP: 8/10
   112 | D        | Killed a black bear
   112 | D        | Gained mutation: You have sharp fingernails. [demonic ancestry]
   112 | D        | Reached XP level 5. HP: 43/45 MP: 9/12
   116 | D        | Killed a black bear
   116 | D        | Reached skill level 5 in Dodging
   116 | D        | Reached skill level 5 in Spellcasting
   116 | D        | Reached skill level 5 in Invocations
   116 | D        | Gained mutation: You have very sharp fingernails. [demonic ancestry]
   116 | D        | Reached XP level 6. HP: 40/52 MP: 9/13
   153 | D        | Entered arena 4.
   153 | D        | Noticed a yak
   153 | D        | Noticed a yak
   153 | D        | Noticed a porcupine
   153 | D        | Found a transporter.
   158 | D        | Killed a porcupine
   158 | D        | Reached ** piety under Qazlal
   161 | D        | Killed a yak
   161 | D        | Reached skill level 5 in Long Blades
   161 | D        | Gained mutation: You have claws for hands. [demonic ancestry]
   161 | D        | Reached XP level 7. HP: 50/59 MP: 13/16
   164 | D        | Killed a yak
   173 | D        | Entered arena 5.
   173 | D        | Noticed a deep elf mage
   173 | D        | Noticed a deep elf mage
   173 | D        | Noticed a deep elf archer
   173 | D        | Noticed a deep elf mage
   173 | D        | Found a transporter.
   175 | D        | Killed a deep elf mage
   175 | D        | Reached *** piety under Qazlal
   175 | D        | Gained mutation: A weak demonic guardian rushes to your aid. [demonic ancestry]
   175 | D        | Reached XP level 8. HP: 49/68 MP: 11/18
   175 | D        | Killed from afar by a deep elf mage

Skill      XL: |  1  2  3  4  5  6  7 |
---------------+----------------------+-----
Fighting       | 3 4 5 6 7 |  7.9
Short Blades   | 3 |  3.3
Dodging        | 3 4 5 6 |  6.9
Stealth        | 4 5 6 7 8 |  8.4
Spellcasting   | 2 3 4 5 6 |  6.9
Long Blades    | 1 2 3 4 5 6 |  6.1
Invocations    | 3 4 5 6 8 |  8.4
Throwing       | |  1.7

Action                   |  1- 3 |  4- 6 |  7- 9 || total
-------------------------+-------+-------+-------++-------
Melee: Great sword       |     6 |     8 |     3 ||    17
Invok: Upheaval          |       |       |     2 ||     2
  Use: Potion            |     7 |     3 |       ||    10
 Stab: Sleeping          |     2 |       |       ||     2
Armor: Robe              |     7 |     2 |       ||     9
Dodge: Dodged            |    35 |    18 |     4 ||    57
Block: Other             |       |     2 |       ||     2
       Rpst.: Great sword |     6 |     5 |       ||    11
